 Dungeon Crawl Stone Soup version 0.27-a0-1612-gde56a17b89 (webtiles) character file.

Game seed: 5151924840952746259

487 Spectrina the Insei (level 7, -2/50 HPs)
             Began as a Djinni Monk on July 21, 2021.
             Was a Believer of Nemelex Xobeh.
             Slain by a sky beast (6 damage)
             ... on level 6 of the Dungeon.
             The game lasted 00:13:02 (1667 turns).

Spectrina the Insei (Djinni Monk)                   Turns: 1667, Time: 00:13:03

Health: -2/50      AC: 10    Str: 12    XL:     7   Next: 36%
Gold:   92         EV:  3    Int: 11    God:    Nemelex Xobeh [**....] SH:  0 Dex: 16

rFire    + + .     SeeInvis .     - Unarmed
rCold    x . .     Faith    .   (no shield)
rNeg     . . .     Spirit   .   h - +0 plate armour
rPois    ∞         Reflect  .   (no helmet)
rElec    .         Harm     .   (no cloak)
rCorr    +         Rampage  .   (no gloves)
Will     +....                  (boots unavailable)
Stlth    ..........             (no amulet)
HPRegen  0.16/turn              m - ring of willpower
MPRegen  0.00/turn              g - ring of resist corrosion

@: flying
A: sickness immunity, fire resistance 2, cold vulnerability 1, float, innate
caster, hp casting, extra vitality 1
a: Renounce Religion, Draw Escape, Draw Destruction, Draw Summoning


You were on level 6 of the Dungeon.
You worshipped Nemelex Xobeh.
Nemelex Xobeh was pleased with you.
You visited 2 branches of the dungeon, and saw 7 of its levels.

You collected 113 gold pieces.
You spent 21 gold pieces at shops.

Inventory:

Missiles
 i - 2 throwing nets
 j - 64 arrows
 l - 40 bolts
 n - 23 sling bullets
 o - 79 stones (quivered)
 t - 4 atropa-tipped darts
 x - 3 curare-tipped darts
Armour
 a - a +0 robe
 h - a +0 plate armour (worn)
Jewellery
 d - a ring of wizardry
 g - a ring of resist corrosion (right hand)
 m - a ring of willpower (left hand)
 q - a ring of wizardry
 u - a ring of protection from fire
Wands
 e - a wand of iceblast (5)
 s - a wand of paralysis (4)
Scrolls
 c - 3 scrolls of identify {unknown}
 f - a scroll of enchant weapon {unknown}
 k - 3 scrolls of magic mapping {unknown}
 p - a scroll of silence {unknown}
 w - a scroll of torment {unknown}
Potions
 b - 2 potions of brilliance {unknown}
 r - 3 potions of curing {unknown}
 v - a potion of lignification {unknown}


   Skills:
 - Level 3.0 Fighting
 - Level 3.2 Dodging
 - Level 1.5 Stealth
 * Level 7.1 Unarmed Combat
 + Level 3.1 Invocations


You couldn't memorise any spells.
You knew the following spells:

 Your Spells              Type           Power      Damage    Failure   Level
a - Animate Skeleton      Necr           0%         N/A       100%        1
b - Corpse Rot            Necr/Air       N/A        N/A       100%        2
c - Gell's Gravitas       Tloc           0%         N/A       100%        3
Your spell library was empty.


Dungeon Overview and Level Annotations

Branches:
Dungeon (6/15)             Temple (1/1) D:4

Altars:
Ashenzari
Cheibriados
Hepliaklqana
Nemelex Xobeh
Okawaru
Ru
Trog
Uskayaw
Xom
Yredelemnul
Zin

Shops:
D:6 *


Innate Abilities, Weirdness & Mutations

You are immune to sickness and miasma.
You are immune to poison.
Your flesh is very heat resistant. (rF++)
You are vulnerable to cold. (rC-)
You float through the air rather than walking.
You learn spells naturally, not from books.
Your magical power is your life essence.
You have superior vitality. (+4 HP)


Message History

You see here an adder corpse.
There is an entrance to Wottaxeu's Serpentskin Sales here.
x - 3 curare-tipped darts Thank you for shopping at Wottaxeu's Serpentskin Sales!
Unknown command.
There is an open door here.
Found an escape hatch in the ceiling.
You reach down and open the door.
There is an open door here.
Nemelex Xobeh deals you some cards!
You now have 6 escape cards, 16 destruction cards and 5 summoning cards.
A sky beast comes into view.
Unknown command.
You draw a card...
You have drawn Wild Magic.
Heat is drained from the sky beast.
You feel a surge of magic.
Unknown command.
You draw a card...
You have drawn the Orb.
Press: ? - help, Shift-Dir - straight line, f - sky beast
Aim: a sky beast (lightly wounded)
Your orb of destruction hits a rock wall. x4
The sky beast flickers out of sight!
Deactivating autopickup; reactivate with Ctrl-A.
Unknown command.
Your plate armour prevents you from hitting something.
Something hits you but does no damage.
You miss something. Something hits you.
* * * LOW HITPOINT WARNING * * *
Something shocks you.
* * * LOW HITPOINT WARNING * * *
Unknown command.
There is an open door here.
Aiming: Paralyse
Press: ? - help, Shift-Dir - straight line Nothing appears to happen.
Something hits you but does no damage.
You hit something. Something hits you.
* * * LOW HITPOINT WARNING * * *
Something shocks you.
You die...
Your body glows slightly and disappears.

###..*. ..........#..##+
....○○...#..##.#....#..#..
...°.....#..##.##...#..#..
.........#..........#..#..
.....<...#.########....#..
............#.#...#.......
.......##.....'.∩††....#..
........{.....#...#.<....>
...######@...#######..##..
........................
#....##........####.###.
#... #.................
#.. #....###.#........ #.
###### #.###.#.... #
#.##....... #.##...#...
#.#<.#.#...


There were no monsters in sight!

Vanquished Creatures
  A water moccasin (D:6)
  A phantom (D:6)
  A water moccasin zombie (D:6)
  A crimson imp (D:6)
  A centaur skeleton (D:6)
  A hound (D:4)
  A jelly (D:5)
  2 iguanas
  3 adders
  An orc (D:4)
  3 endoplasms
  5 giant cockroaches
  2 goblins
  2 hobgoblins
  9 jackals
  2 kobolds (D:2)
  2 quokkas
  4 ball pythons
  A bat (D:3)
  3 frilled lizards
  3 rats
49 creatures vanquished.

Notes
Turn   | Place    | Note
-------+----------+-------------------------------------------
     0 | D:1      | Spectrina the Djinni Monk began the quest for the Orb.
     0 | D:1      | Reached XP level 1. HP: 20/20 MP: 0/0
   232 | D:1      | Reached XP level 2. HP: 14/25 MP: 0/0
   511 | D:2      | Reached skill level 4 in Unarmed Combat
   511 | D:2      | Reached XP level 3. HP: 26/30 MP: 0/0
   511 | D:2      | Learned a level 1 spell: Animate Skeleton
   937 | D:4      | Reached skill level 5 in Unarmed Combat
   937 | D:4      | Reached XP level 4. HP: 22/35 MP: 0/0
   961 | D:4      | Found a staircase to the Ecumenical Temple.
   972 | Temple   | Entered the Ecumenical Temple
  1031 | Temple   | Became a worshipper of Nemelex Xobeh the Trickster
  1031 | Temple   | Reached * piety under Nemelex Xobeh
  1031 | Temple   | Received a gift from Nemelex Xobeh
  1031 | Temple   | Reached ** piety under Nemelex Xobeh
  1051 | D:4      | Reached XP level 5. HP: 40/40 MP: 0/0
  1051 | D:4      | Learned a level 2 spell: Corpse Rot
  1197 | D:3      | Received a gift from Nemelex Xobeh
  1278 | D:5      | Entered Level 5 of the Dungeon
  1341 | D:4      | Received a gift from Nemelex Xobeh
  1384 | D:5      | Found an iron altar of Okawaru.
  1417 | D:5      | Reached skill level 1 in Invocations
  1525 | D:5      | Found a basalt altar of Yredelemnul.
  1561 | D:6      | Noticed a phantom
  1564 | D:6      | Killed a phantom
  1565 | D:6      | Reached skill level 6 in Unarmed Combat
  1565 | D:6      | Reached XP level 6. HP: 46/46 MP: 0/0
  1623 | D:6      | Found Wottaxeu's Serpentskin Sales.
  1623 | D:6      | Noticed a water moccasin
  1630 | D:6      | Killed a water moccasin
  1631 | D:6      | Reached XP level 7. HP: 24/50 MP: 0/0
  1631 | D:6      | Learned a level 3 spell: Gell's Gravitas
  1638 | D:6      | Reached skill level 7 in Unarmed Combat
  1649 | D:6      | Bought 3 curare-tipped darts for 21 gold pieces
  1658 | D:6      | Received a gift from Nemelex Xobeh
  1667 | D:6      | Slain by a sky beast

Illustrated notes

Levels and vault maps discovered:
D:1:      dpeg_arrival_circle_labyrinth_c, layout_loops_ring, grunt_decor_cap
D:2:      layout_basic, feat_on_display
D:3:      layout_basic, shapermc_ecumenical_altar_acropolis,
          minmay_misc_feat_cross, skrybe_limestone_x, kennysheep_minor_cross
D:4:      layout_gridville, minmay_temple_entry_mini_moons
D:5:      layout_layer_cave, lemuel_round_altar,
          lemuel_zombie_altar_kikubaaqudgha, yredelemnul_altar_generic,
          mainiacjoe_overflow_brackets, mainiacjoe_overflow_swirl
D:6:      layout_basic, nicolae_overflow_crystal_walls,
          minmay_gold_behind_fungi, guppyfry_shop_venom, uniq_blork_the_orc
Temple:   nicolae_temple_figure_zero

Skill      XL: |  1  2  3  4  5  6  7 |
---------------+----------------------+-----
Unarmed Combat | 4 5 6 7 |  7.1
Invocations    | 2 3 |  3.1
Fighting       | |  3.0
Dodging        | |  3.2
Stealth        | |  1.5

Action                   |  1- 3 |  4- 6 |  7- 9 || total
-------------------------+-------+-------+-------++-------
Melee: Unarmed           |   114 |    37 |    14 ||   165
       Punch             |     3 |       |       ||     3
Throw: Stone             |       |     4 |       ||     4
 Cast: Animate Skeleton  |     2 |       |       ||     2
Invok: Draw Destruction  |       |     4 |     4 ||     8
Evoke: Wand              |     2 |     2 |     2 ||     6
 Stab: Sleeping          |     2 |       |       ||     2
       Paralysed         |       |     5 |       ||     5
Armor: Robe              |    19 |       |       ||    19
       Plate armour      |       |    16 |    22 ||    38
Dodge: Dodged            |    74 |     3 |     2 ||    79

Table legend: (Time is in decaauts)
 A = Elapsed time spent in this place.
 B = Non-inter-level travel time spent in this place.
 C = Inter-level travel time spent in this place.
 D = Time resting spent in this place.
 E = Time spent auto-exploring this place.
 F = Levels seen in this place.
 G = Mean time per level.
                   A        B        C        D        E       F      G
               +--------+--------+--------+--------+--------+-----+--------+
         Total |   1657 |   1556 |    101 |      0 |    109 |   7 |  236.7 |
       Dungeon |   1588 |   1487 |    101 |      0 |    109 |   6 |  264.7 |
        Temple |     68 |     68 |      0 |      0 |      0 |   1 |   68.0 |
               +--------+--------+--------+--------+--------+-----+--------+

Top non-repeatable levels by time:
     D:2: 485 daAuts
     D:4: 316 daAuts
     D:1: 281 daAuts
     D:3: 218 daAuts
     D:5: 168 daAuts
     D:6: 120 daAuts
  Temple: 68 daAuts
